Map: Shrines of Lizul

Players

ZerGG

  • Race: Zerg Zerg
  • League: Gold
  • Spawn Location: 3:00

Hobbselite

  • Race: Protoss Protoss
  • League: Diamond
  • Spawn Location: 12:00

WinterSC

  • Race: Terran Terran
  • League: Grandmaster
  • Spawn Location: 6:00

Freeedom

  • Race: Terran Terran
  • League: Master
  • Spawn Location: 9:00

VOD

Have the link to the VOD?

Description

MY friend and i trying our best to hold off the onslaught of double terrain

Time

  • Played on: Feb. 24, 2018, 12:47 a.m.
  • Length: 12:48
Show
View Real Time Build Order
Export as new Build Order

ZerGG Zerg 

Build Orders: Hatch First 

Get SALT Encoding   

  12  0:09  Overlord  
  12  0:16  Drone  
  12  0:17  Extractor  
  12  0:19  Drone  
  13  0:52  Drone  
  13  0:56  Drone  
  15  0:59  Hatchery  
  14  1:09  Drone  
  15  1:12  Drone  
  16  1:27  Spawning Pool  
  16  1:30  Drone  
  16  1:34  Drone  
  16  1:39  Drone  
  18  1:46  Drone  
  19  2:02  Evolution Chamber  
  18  2:13  Metabolic Boost  
  18  2:18  Drone  
  18  2:20  Zergling x4  
  21  2:23  Queen  
  25  2:34  Queen  
  25  2:37  Zergling x2  
  25  2:42  Zerg Melee Weapons Level 1  
  26  2:49  Zergling x4  
  28  3:00  Overlord  
  28  3:04  Spine Crawler  
  27  3:30  Drone  
  27  3:31  Drone x2  
  30  3:51  Drone, Hatchery  
  30  3:54  Zergling x8  
  30  3:55  Zergling x2  
  35  4:14  Drone  
  36  4:19  Overlord x2  
  36  4:40  Roach Warren  
  36  4:45  Zerg Missile Weapons Level 1  
  35  4:50  Burrow  
  35  4:54  Zergling x12  
  35  4:55  Zergling x8  
  45  5:17  Queen  
  25  5:39  Roach  
  25  5:40  Roach x5  
  37  5:43  Spine Crawler  
  37  5:48  Drone x2  
  38  6:03  Roach  
  38  6:04  Roach  
  42  6:11  Drone  
  39  6:21  Roach x2  
  43  6:29  Roach x2  
  47  6:39  Roach x2  
  51  6:48  Drone  
  52  6:57  Extractor  
  51  7:09  Overlord  
  51  7:10  Overlord  
  51  7:13  Drone  
  52  7:25  Hatchery  
  51  7:31  Roach x2  
  55  7:45  Roach x3  
  55  7:46  Roach  
  65  8:12  Roach  
  65  8:13  Roach  
  65  8:16  Overlord x2  
  25  9:04  Roach  
  25  9:05  Roach x5  
  25  9:08  Drone x3  
  38  9:17  Spine Crawler  
  38  9:18  Spine Crawler, Drone  
  38  9:20  Queen  
  38  9:21  Queen  
  38  9:23  Drone  
  38  9:24  Queen  
  42  9:29  Drone x2  
  42  9:30  Drone  
  47  9:33  Drone  
  48  9:39  Spine Crawler  
  47  9:59  Lair  
  47  10:03  Roach x5  
  47  10:04  Roach  
  59  10:09  Drone  
  59  10:10  Drone x2  
  62  10:30  Roach x4  
  64  10:51  Roach x5  
  70  11:33  Zergling x8  
  33  12:13  Spine Crawler  
  33  12:14  Spine Crawler  
  33  12:15  Spine Crawler x2  
  30  12:17  Spine Crawler  
Show
View Real Time Build Order
Export as new Build Order

Hobbselite Protoss 

Build Orders: Colossus Rush 

Get SALT Encoding   

  12  0:00  Probe  
  13  0:12  Probe  
  14  0:20  Pylon  
  14  0:26  Probe  
  15  0:38  Probe  
  15  0:40  Gateway  
  16  0:50  Probe  
  17  0:58  Assimilator  
  17  1:02  Probe  
  18  1:11  Pylon  
  18  1:14  Probe  
  19  1:26  Probe (Chrono Boost)  
  20  1:36  Probe (Chrono Boost)  
  20  1:38  Cybernetics Core  
  20  1:39  Assimilator  
  21  1:41  Pylon  
  21  1:43  Probe (Chrono Boost)  
  22  1:52  Probe (Chrono Boost)  
  23  1:57  Probe (Chrono Boost)  
  24  2:09  Probe  
  24  2:12  Stalker (Chrono Boost)  
  26  2:21  Robotics Facility  
  26  2:24  Pylon  
  26  2:26  Probe  
  26  2:28  Shield Battery  
  27  2:38  Probe  
  27  2:40  Stalker  
  27  2:41  Warp Gate (Chrono Boost)  
  30  2:50  Probe  
  31  2:57  Gateway  
  31  3:01  Gateway  
  31  3:09  Observer  
  32  3:17  Adept  
  34  3:26  Probe  
  35  3:31  Pylon  
  39  3:44  Robotics Bay  
  35  3:51  Stalker  
  35  3:52  Stalker  
  35  3:53  Stalker  
  41  4:09  Probe  
  42  4:21  Probe  
  43  4:34  Probe  
  43  4:36  Disruptor  
  47  4:43  Pylon, Nexus  
  47  4:46  Pylon  
  47  4:52  Pylon  
  47  5:16  Stalker x2  
  47  5:17  Stalker  
  53  5:39  Colossus (Chrono Boost)  
  51  5:44  Stalker x2  
  51  5:49  Probe  
  62  5:54  Adept  
  64  6:01  Probe  
  65  6:11  Probe  
  66  6:13  Probe  
  66  6:14  Gateway  
  66  6:15  Twilight Council  
  66  6:16  Gateway  
  63  6:41  Colossus (Chrono Boost)  
  63  6:46  Zealot x2  
  63  6:47  Zealot  
  75  6:48  Probe x2  
  77  7:00  Charge (Chrono Boost)  
  77  7:10  Assimilator  
  77  7:13  Zealot x3  
  77  7:14  Probe (Chrono Boost)  
  84  7:15  Assimilator  
  84  7:23  Pylon  
  84  7:26  Pylon  
  84  7:29  Extended Thermal Lance (Chrono Boost)  
  80  7:47  Stalker  
  80  7:48  Stalker  
  80  7:49  Zealot x2  
  80  7:50  Zealot  
  80  8:16  Stalker x3  
  57  9:11  Stalker x5  
  57  9:12  Probe  
  66  9:26  Probe x2  
  68  9:36  Gateway  
  68  9:39  Gateway  
  68  9:41  Gateway  
  68  9:42  Zealot x4  
  68  9:43  Gateway, Zealot  
  68  9:44  Immortal (Chrono Boost)  
  82  9:52  Forge  
  82  9:54  Forge  
  82  10:02  Templar Archives  
  82  10:07  Zealot x4  
  82  10:08  Zealot  
  92  10:20  Disruptor (Chrono Boost)  
  95  10:49  High Templar  
  81  10:50  Zealot x3  
  81  10:51  Zealot  
  76  11:15  Zealot x2  
  76  11:16  Zealot  
  77  11:23  High Templar  
  63  12:07  Pylon  
Show
View Real Time Build Order
Export as new Build Order

WinterSC Terran 

Build Orders: Reaper Expand, MMM Bio 

Get SALT Encoding   

  12  0:00  SCV  
  13  0:13  SCV  
  14  0:18  Supply Depot  
  14  0:25  SCV  
  15  0:40  SCV  
  15  0:41  Barracks  
  16  0:45  Refinery  
  16  0:52  SCV  
  17  1:04  SCV  
  18  1:19  SCV  
  19  1:30  Reaper  
  19  1:31  Orbital Command  
  20  1:48  Command Center  
  20  1:57  SCV  
  21  2:11  SCV  
  21  2:15  Barracks  
  22  2:16  Barracks Reactor  
  22  2:23  SCV  
  22  2:26  Supply Depot  
  23  2:39  Factory, Refinery  
  23  2:47  SCV  
  24  2:53  Marine x2  
  26  3:02  Orbital Command  
  26  3:04  SCV  
  27  3:07  Barracks Tech Lab  
  27  3:15  Marine x2  
  27  3:16  SCV  
  30  3:25  Marine  
  30  3:26  Stimpack  
  31  3:27  SCV  
  31  3:28  SCV  
  33  3:34  Starport  
  33  3:35  Factory Reactor  
  33  3:38  Marine x2  
  33  3:39  SCV  
  33  3:41  SCV  
  37  3:46  Marine  
  38  3:50  Supply Depot  
  38  3:51  SCV  
  39  3:56  Marine x2  
  41  4:04  SCV  
  41  4:05  SCV  
  41  4:08  Marine  
  44  4:16  SCV  
  45  4:17  SCV  
  45  4:20  Medivac x2  
  45  4:21  Factory Reactor  
  45  4:23  Marine x2  
  52  4:27  Supply Depot  
  52  4:28  Supply Depot, SCV  
  52  4:30  SCV  
  54  4:37  Refinery  
  54  4:46  Engineering Bay  
  54  4:48  Marine x3, SCV x2  
  59  4:59  Medivac  
  61  5:00  Widow Mine x2, SCV x2  
  61  5:04  Refinery  
  67  5:09  Marine x3  
  70  5:27  Combat Shields, Marine  
  66  5:36  Marine  
  66  5:40  Marine  
  66  5:41  Medivac  
  66  5:42  SCV  
  70  5:47  Barracks  
  70  5:50  Barracks  
  70  5:51  Barracks  
  70  5:57  Marine  
  70  5:59  Marine  
  70  6:02  Supply Depot  
  70  6:03  Terran Infantry Weapons Level 1, Supply Depot  
  70  6:04  Supply Depot  
  70  6:11  Supply Depot  
  70  6:13  Medivac, SCV x2  
  70  6:14  Widow Mine x2  
  70  6:16  Marauder  
  78  6:26  SCV x2  
  80  6:34  Barracks Tech Lab  
  80  6:38  SCV x2  
  78  6:45  Barracks Tech Lab, Barracks Reactor  
  78  6:46  Medivac x2  
  82  6:48  Concussive Shells  
  82  6:49  Command Center  
  82  6:57  Marauder, Marine  
  82  6:59  SCV x2  
  87  7:04  Supply Depot, Marine  
  87  7:05  Supply Depot  
  87  7:08  Marine  
  89  7:11  SCV  
  89  7:14  Marauder, Widow Mine x2  
  96  7:19  SCV  
  97  7:23  Supply Depot, SCV  
  97  7:26  Marine  
  97  7:27  Marauder  
  101  7:34  Armory  
  101  7:38  Marine x2  
  101  7:41  Engineering Bay  
  103  7:45  Marauder, Marine  
  87  8:05  Marine x4  
  76  8:06  Marauder x2  
  76  8:10  Medivac x2  
  76  8:11  SCV  
  76  8:12  SCV  
  87  8:17  Orbital Command  
  87  8:22  Marine  
  87  8:23  Marine  
  87  8:24  SCV  
  92  8:27  Marauder  
  92  8:32  Marine  
  92  8:33  Marauder  
  89  8:35  Marine  
  89  8:40  Marine  
  89  8:41  Marauder, Marine  
  96  8:48  Marauder  
  96  8:50  Marine  
  96  8:52  Marine  
  96  8:54  Marauder  
  92  9:02  Marine  
  91  9:05  Marine  
  91  9:07  Liberator x2  
  91  9:09  Marine  
  92  9:10  Marine  
  92  9:14  Terran Infantry Weapons Level 2  
  92  9:15  Terran Infantry Armor Level 1, Marine  
  94  9:20  Marauder  
  94  9:23  Marine  
  97  9:25  Factory Tech Lab  
  97  9:26  SCV  
  97  9:27  Marine  
  97  9:28  Marine  
  106  9:33  Marine  
  107  9:40  Marine  
  107  9:41  Marine  
  107  9:42  SCV x3  
  107  9:44  Refinery  
  107  9:45  Marine  
  113  9:46  Marine, Refinery  
  113  9:50  Liberator x2  
  113  9:51  Reaper  
  115  9:54  SCV  
  115  9:58  Marine  
  115  9:59  Marauder  
  119  10:03  Marine  
  119  10:06  Marine  
  127  10:16  Siege Tank, Marine  
  127  10:20  Marauder, Command Center  
  127  10:21  Marauder  
  135  10:27  Supply Depot  
  135  10:29  Supply Depot x2  
  135  10:34  Marine  
  135  10:35  Marauder, Marine  
  139  10:41  Marine  
  139  10:42  Marauder  
  142  10:47  Liberator  
  142  10:48  Liberator  
  142  10:49  Siege Tank  
  141  10:52  Marine x2  
  141  10:56  Marine  
  144  10:59  Marine  
  144  11:03  Marine  
  146  11:10  Marine x2  
  154  11:14  Marauder  
  154  11:17  Marine  
  157  11:21  Siege Tank, Marine  
  161  11:28  Marine x2  
  163  11:35  Marine x2  
  163  11:39  Marine  
  166  11:46  Marine x2  
  166  11:53  Marauder, Marine  
  164  11:57  Marine  
  162  12:03  Marine  
  162  12:04  Marine  
  164  12:11  Marine  
  164  12:14  Marine x2  
  167  12:21  Marine x2  
  164  12:29  Marine  
  159  12:48  Barracks Tech Lab  
Show
View Real Time Build Order
Export as new Build Order

Freeedom Terran 

Build Orders: Bio Tank 

Get SALT Encoding   

  12  0:00  SCV  
  13  0:13  SCV  
  14  0:18  Supply Depot  
  14  0:25  SCV  
  15  0:43  Barracks  
  15  0:46  Refinery  
  15  0:48  SCV  
  16  1:01  SCV  
  17  1:13  SCV  
  18  1:25  SCV  
  19  1:33  Marine  
  19  1:37  Orbital Command  
  20  1:48  Supply Depot  
  20  1:56  Marine  
  20  1:57  Factory  
  21  2:03  SCV  
  21  2:08  Refinery  
  22  2:15  SCV  
  23  2:17  Marine  
  24  2:25  Command Center  
  24  2:31  SCV  
  24  2:35  Marine  
  26  2:41  Barracks, Factory Tech Lab  
  26  2:45  SCV  
  27  2:57  Marine, SCV  
  29  3:05  Supply Depot  
  29  3:09  SCV  
  30  3:21  SCV  
  30  3:22  Barracks Reactor  
  31  3:27  Siege Tank  
  31  3:29  Barracks Tech Lab  
  31  3:33  SCV  
  35  3:39  Orbital Command  
  35  3:40  Starport  
  35  3:47  SCV  
  36  3:51  Stimpack  
  36  3:58  Marine, Orbital Command  
  36  3:59  Siege Tank, Marine  
  41  4:14  Marine  
  42  4:26  Marine x2  
  44  4:31  Siege Tank  
  47  4:39  Medivac  
  47  4:40  Marine, SCV  
  47  4:41  SCV  
  47  4:44  Marine  
  53  4:47  Engineering Bay  
  53  4:54  Marine  
  54  5:07  Supply Depot x2  
  54  5:08  Supply Depot  
  54  5:24  Marine x2, SCV x2  
  46  5:29  Marine  
  46  5:30  Siege Tank  
  44  5:36  SCV x2  
  44  5:42  Marine x2, Refinery  
  48  5:45  Refinery  
  48  5:47  Marine  
  48  5:48  Medivac, SCV  
  48  5:49  SCV  
  53  6:00  Marine x2  
  53  6:02  Siege Tank  
  57  6:05  Marine  
  58  6:18  Marine x2  
  60  6:23  Marine  
  53  6:34  Medivac  
  53  6:35  Marine x2  
  58  6:40  Marine, SCV  
  58  6:42  Terran Infantry Weapons Level 1  
  58  6:43  Missile Turret  
  59  6:48  Combat Shields  
  59  6:49  Siege Tank, Missile Turret  
  59  6:52  Missile Turret  
  59  6:53  Marine x2  
  64  6:58  Marine  
  65  7:01  SCV x2  
  65  7:02  Command Center  
  67  7:08  Starport Reactor  
  67  7:11  Marine x2  
  69  7:16  Marine, Command Center  
  70  7:27  Siege Tank  
  70  7:29  Marine x2  
  75  7:34  Marine  
  66  7:47  Marine x2  
  68  7:52  Marine  
  69  8:00  Siege Tank  
  69  8:04  Marine  
  69  8:05  Marauder  
  63  8:09  Marine  
  64  8:15  Medivac  
  64  8:16  Orbital Command  
  63  8:22  Marine  
  63  8:26  Marine  
  64  8:27  Marine  
  57  8:40  Marine  
  54  8:44  Marine  
  54  8:45  Marine  
  54  8:52  Viking x2, Barracks x3  
  54  8:53  Barracks, Orbital Command  
  54  8:58  Marine  
  54  9:01  Marine  
  55  9:03  Marine  
  56  9:16  Marine  
  56  9:17  Factory  
  56  9:19  Marine  
  56  9:21  Marine  
  58  9:25  Orbital Command  
  58  9:28  Siege Tank  
  61  9:33  Marine  
  61  9:38  Marauder  
  64  9:39  Marine  
  65  9:46  Viking x2  
  65  9:51  Marine, Refinery, Starport  
  70  9:53  Refinery  
  70  9:54  Terran Infantry Armor Level 1  
  70  9:56  Marine  
  70  9:58  Marine  
  73  10:09  Marine  
  73  10:10  Barracks Tech Lab  
  73  10:11  Barracks Tech Lab  
  73  10:17  Marauder  
  73  10:20  Medivac x2  
  79  10:28  Marine  
  80  10:44  Marine  
  80  10:45  Marauder, Marine x4, Starport Reactor  
  80  10:46  Marine  
  88  11:02  Marine  
  88  11:03  Marine x4  
  91  11:04  Siege Tank, Marine  
  91  11:05  Factory Tech Lab  
  91  11:06  Marine  
  94  11:20  Marine x2  
  94  11:37  Siege Tank  
  94  11:38  Marauder  
  94  11:39  Siege Tank  
  102  11:40  Marine x6  
  108  12:13  Marine  
  108  12:21  Marine x2  
  108  12:24  Marine  
Tags
 
Add a new tag
Caveats
  • Supply blocks, unpowered buildings, or Contaminate may cause inaccurate times.
  • Supply counts are checked every 10 seconds.